Coyotes vs Stars
Created - 28 octobre 2013 at 19:02
Goals
|
| Coyotes |
2 |
4 |
0 |
6 |
| Stars |
0 |
1 |
1 |
2 |
|
Shots
|
| Coyotes |
10 |
13 |
12 |
35 |
| Stars |
6 |
18 |
9 |
33 |
|
1st period
1. Coyotes , Sergei Samsonov 1 (Bill Guerin, Jiri Fischer) at 13:28
2. Coyotes , Tim Connolly 3 (Marian Gaborik) at 14:46
Penalties :
Alexei Morozov (Dal) for Hooking (Minor) at 4:54, Antoine Vermette (Dal) for Tripping (Minor) at 10:24, Maxim Lapierre (Pho) for Tripping (Minor) at 10:24, Patrik Elias (Dal) for Slashing (Double Minor) at 15:17
2nd period
3. Coyotes , Frans Nielsen 4 (Drew Miller) at 1:39
4. Coyotes , Tim Connolly 4 (Marian Gaborik, Tom Poti) at 2:51
5. Coyotes , Marian Gaborik 3 (Brenden Morrow, Tom Poti) at 3:19
6. Coyotes , Marian Gaborik 4 (Kurt Sauer, Tim Connolly) at 13:57
7. Stars , Antoine Vermette 1 (Brian Pothier, Matthew Spiller) at 15:47
Penalties :
Shane Doan (Dal) for Fighting (Major) at 5:41, Maxim Lapierre (Pho) for Fighting (Major) at 5:41, Frans Nielsen (Pho) for Diving (Minor) at 10:41, Brian Pothier (Dal) for High sticking (Minor) at 13:28, Frans Nielsen (Pho) for Holding (Minor) at 13:28, Alexei Morozov (Dal) for Cross-checking (Minor) at 16:00, Shane Doan (Dal) for Hooking (Minor) at 19:10
3rd period
8. Stars , Cory Stillman 2 (David Legwand, Alexei Morozov) at 15:09
Penalties :
Cory Stillman (Dal) for Hooking (Minor) at 15:37, Shane Doan (Dal) for Roughing (Minor) at 18:57
Goalie Stats
Ryan Miller (Pho), 31 saves from 33 shots - (0,939), W, 2-2-0, 60:00 minutes
Pascal Leclaire (Dal), 9 saves from 13 shots - (0,692), L, 2-2-0, 22:51 minutes
Vesa Toskala (Dal), 20 saves from 22 shots - (0,909), 37:09 minutes
Players Stats for Coyotes
Player Name G A P +/- PIM S H SB GA TA FO MP PP MP PK MP
------------------------------------------------------------------------------------
Bill Guerin 0 1 1 1 0 5 4 0 1 0 1/1 19:25 5:28 0:00
Brenden Morrow 0 1 1 3 0 2 4 0 0 0 0/1 20:29 6:44 0:47
Chad Larose 0 0 0 -1 0 0 2 0 1 0 0/0 8:56 0:35 0:00
Craig Adams 0 0 0 0 0 1 0 1 0 1 0/1 8:20 0:00 0:44
Denis Grebeshkov 0 0 0 2 0 0 1 2 0 1 0/0 27:19 7:20 0:52
Drew Miller 0 1 1 0 0 2 3 0 1 1 1/1 18:54 5:28 0:57
Frans Nielsen 1 0 1 0 4 6 2 0 1 0 2/7 17:21 5:25 0:00
Jiri Fischer 0 1 1 2 0 0 1 0 0 0 0/0 14:25 0:18 0:52
Joël Perrault 0 0 0 0 0 0 1 0 0 0 0/2 7:58 0:00 0:49
Kurt Sauer 0 1 1 0 0 1 0 4 0 0 0/0 17:40 0:18 1:07
Lukas Krajicek 0 0 0 2 0 0 0 1 0 0 0/0 15:01 5:19 0:00
Marian Gaborik 2 2 4 4 0 6 0 1 1 0 1/1 22:28 6:54 0:00
Maxim Lapierre 0 0 0 0 7 0 0 1 0 0 1/6 9:01 0:00 0:26
Riley Cote 0 0 0 0 0 0 2 0 1 0 0/0 8:04 0:35 0:15
Sami Lepisto 0 0 0 -1 0 1 2 0 0 0 0/0 17:27 5:19 0:00
Sergei Samsonov 1 0 1 0 0 5 0 0 1 0 0/0 10:35 0:48 0:00
Tim Connolly 2 1 3 4 0 5 1 0 0 0 19/46 22:28 6:54 0:00
Tom Poti 0 2 2 3 0 1 2 2 0 2 0/0 28:08 7:20 1:07
Players Stats for Stars
Player Name G A P +/- PIM S H SB GA TA FO MP PP MP PK MP
------------------------------------------------------------------------------------
Alexei Morozov 0 1 1 -2 4 7 1 1 1 0 1/2 19:34 0:57 0:00
Antoine Vermette 1 0 1 0 2 2 1 0 1 0 6/10 15:56 1:00 2:54
Braydon Coburn 0 0 0 -2 0 0 0 0 0 3 0/0 20:53 0:43 5:45
Brian Gionta 0 0 0 -1 0 1 0 0 0 0 0/0 5:09 0:02 0:00
Brian Pothier 0 1 1 0 2 3 1 1 0 0 0/0 11:48 0:43 1:08
Cory Stillman 1 0 1 -1 2 3 1 0 0 0 2/2 20:07 0:59 4:57
David Legwand 0 1 1 -2 0 3 2 0 0 0 19/32 17:22 0:59 0:00
Filip Novak 0 0 0 -2 0 1 0 0 0 0 0/0 19:35 0:00 4:40
Jan Hlavac 0 0 0 -1 0 1 0 0 0 0 0/0 9:43 0:00 3:25
Marty Reasoner 0 0 0 -1 0 1 1 1 0 0 8/11 12:20 0:00 6:18
Matthew Spiller 0 1 1 -1 0 1 2 1 1 2 0/0 28:58 1:16 7:11
Michael Rupp 0 0 0 -1 0 1 4 1 0 0 4/6 13:45 0:00 3:45
Patrik Elias 0 0 0 -1 4 2 2 1 0 2 1/1 13:17 1:00 0:50
Pavel Kubina 0 0 0 -1 0 3 0 3 2 0 0/0 29:02 1:16 7:10
Randy Jones 0 0 0 -1 0 0 1 1 0 0 0/0 10:03 0:00 0:00
Ryan Malone 0 0 0 -1 0 2 0 1 0 0 0/2 9:56 0:00 0:00
Scott Walker 0 0 0 -1 0 1 0 1 0 0 0/0 13:45 0:00 3:45
Shane Doan 0 0 0 0 9 1 1 0 0 0 0/0 11:43 1:00 0:00
3 Stars
1 - Marian Gaborik (Pho)
2 - Tim Connolly (Pho)
3 - Tom Poti (Pho)
Power Play
Coyotes - 0 on 7 Attempt(s) - 0,00%
Stars - 0 on 1 Attempt(s) - 0,00%
Penalty Kill
Coyotes - 1 on 1 Attempt(s) - 100,00%
- Score 0 goal in Penalty Kill
Stars - 7 on 7 Attempt(s) - 100,00%
- Score 0 goal in Penalty Kill
Official
Referees : Hasenfratz Mike and Walsh Ian
Linesman : Andy McElman and Don Henderson
Game Notes
Vesa Toskala enters game at 2:51 of 2nd period
Shane Doan and Maxim Lapierre fight to a draw at 5:41 of 2nd period
Finance
Level 1 -- Attendance: 4147 (69,12%) -- Ticket Income 414 700 $
Level 2 -- Attendance: 3325 (66,50%) -- Ticket Income 199 500 $
Level 3 -- Attendance: 1332 (66,60%) -- Ticket Income 46 620 $
Level 4 -- Attendance: 3645 (91,13%) -- Ticket Income 72 900 $
Luxury Box -- Attendance: 721 (72,10%) -- Ticket Income 144 200 $
Game was played at the American Airlines Center
Total Attendance: 13170 (73,17%)
Total Ticket Income: 877 920 $
Other Income: 131 688 $
Total Income: 1 009 608 $
Coyotes
5 vs 5 Forward
Center Left Wing Right Wing Time % Phy DF OF
1 Tim Connolly Brenden Morrow Marian Gaborik 40 1 2 2
2 Frans Nielsen Drew Miller Bill Guerin 30 1 2 2
3 Maxim Lapierre Sergei Samsonov Chad Larose 20 1 2 2
4 Joël Perrault Riley Cote Craig Adams 10 1 2 2
5 vs 5 Defense
Defense Defense Time % Phy DF OF
1 Tom Poti Denis Grebeshkov 40 1 2 2
2 Sami Lepisto Kurt Sauer 30 1 2 2
3 Lukas Krajicek Jiri Fischer 20 1 2 2
4 Tom Poti Kurt Sauer 10 1 2 2
PowerPlay Forward
Center Left Wing Right Wing Time % Phy DF OF
1 Tim Connolly Brenden Morrow Marian Gaborik 60 1 2 2
2 Frans Nielsen Drew Miller Bill Guerin 40 1 2 2
PowerPlay Defense
Defense Defense Time % Phy DF OF
1 Tom Poti Denis Grebeshkov 60 1 2 2
2 Sami Lepisto Lukas Krajicek 40 1 2 2
Penalty Kill 4 Players Forward
Center Wing Time % Phy DF OF
1 Frans Nielsen Drew Miller 60 1 2 2
2 Chad Larose Craig Adams 40 1 2 2
Penalty Kill 4 Players Defense
Defense Defense Time % Phy DF OF
1 Tom Poti Kurt Sauer 60 1 2 2
2 Denis Grebeshkov Jiri Fischer 40 1 2 2
Penalty Kill - 3 Players Forward
Forward Time % Phy DF OF
1 Drew Miller 60 1 2 2
2 Chad Larose 40 1 2 2
Penalty Kill - 3 Players Defense
Defense Defense Time % Phy DF OF
1 Tom Poti Kurt Sauer 60 1 2 2
2 Denis Grebeshkov Jiri Fischer 40 1 2 2
4 vs 4 Forward
Center Wing Time % Phy DF OF
1 Tim Connolly Marian Gaborik 60 1 2 2
2 Frans Nielsen Drew Miller 40 1 2 2
4 vs 4 Defense
Defense Defense Time % Phy DF OF
1 Tom Poti Kurt Sauer 60 1 2 2
2 Denis Grebeshkov Jiri Fischer 40 1 2 2
Last Minutes Offensive
Center Left Wing Right Wing Defense Defense
Tim Connolly Brenden Morrow Marian Gaborik Tom Poti Denis Grebeshkov
Last Minutes Defensive
Center Left Wing Right Wing Defense Defense
Frans Nielsen Drew Miller Chad Larose Tom Poti Kurt Sauer
Goaltenders
Starting : Ryan Miller
Backup : Al Montoya
Extra Forwards
Normal : Bill Guerin, Sergei Samsonov, Craig Adams - PP : Bill Guerin, Sergei Samsonov - PK : Craig Adams
Extra Defensemen
Normal : Sami Lepisto, Lukas Krajicek, Denis Grebeshkov - PP : Sami Lepisto - PK : Lukas Krajicek, Denis Grebeshkov
Penalty Shots
Marian Gaborik, Sergei Samsonov, Bill Guerin, Brenden Morrow, Frans Nielsen
Stars
5 vs 5 Forward
Center Left Wing Right Wing Time % Phy DF OF
1 David Legwand Cory Stillman Alexei Morozov 40 1 2 2
2 Antoine Vermette Patrik Elias Shane Doan 30 1 2 2
3 Michael Rupp Ryan Malone Scott Walker 20 1 2 2
4 Marty Reasoner Jan Hlavac Brian Gionta 10 1 2 2
5 vs 5 Defense
Defense Defense Time % Phy DF OF
1 Pavel Kubina Matthew Spiller 40 1 2 2
2 Filip Novak Braydon Coburn 30 1 2 2
3 Randy Jones Brian Pothier 20 1 2 2
4 Pavel Kubina Matthew Spiller 10 1 2 2
PowerPlay Forward
Center Left Wing Right Wing Time % Phy DF OF
1 David Legwand Cory Stillman Alexei Morozov 60 1 2 2
2 Antoine Vermette Patrik Elias Shane Doan 40 1 2 2
PowerPlay Defense
Defense Defense Time % Phy DF OF
1 Pavel Kubina Matthew Spiller 60 1 2 2
2 Brian Pothier Braydon Coburn 40 1 2 2
Penalty Kill 4 Players Forward
Center Wing Time % Phy DF OF
1 Marty Reasoner Cory Stillman 60 1 2 2
2 Michael Rupp Scott Walker 40 1 2 2
Penalty Kill 4 Players Defense
Defense Defense Time % Phy DF OF
1 Pavel Kubina Matthew Spiller 60 1 2 2
2 Filip Novak Braydon Coburn 40 1 2 2
Penalty Kill - 3 Players Forward
Forward Time % Phy DF OF
1 Marty Reasoner 60 1 2 2
2 David Legwand 40 1 2 2
Penalty Kill - 3 Players Defense
Defense Defense Time % Phy DF OF
1 Pavel Kubina Matthew Spiller 60 1 2 2
2 Filip Novak Braydon Coburn 40 1 2 2
4 vs 4 Forward
Center Wing Time % Phy DF OF
1 David Legwand Alexei Morozov 60 1 2 2
2 Antoine Vermette Shane Doan 40 1 2 2
4 vs 4 Defense
Defense Defense Time % Phy DF OF
1 Pavel Kubina Matthew Spiller 60 1 2 2
2 Filip Novak Braydon Coburn 40 1 2 2
Last Minutes Offensive
Center Left Wing Right Wing Defense Defense
David Legwand Patrik Elias Alexei Morozov Pavel Kubina Brian Pothier
Last Minutes Defensive
Center Left Wing Right Wing Defense Defense
Marty Reasoner Cory Stillman Scott Walker Braydon Coburn Matthew Spiller
Goaltenders
Starting : Pascal Leclaire
Backup : Vesa Toskala
Extra Forwards
Normal : Shane Doan, Antoine Vermette, Patrik Elias - PP : Alexei Morozov, Shane Doan - PK : Cory Stillman
Extra Defensemen
Normal : Pavel Kubina, Matthew Spiller, Braydon Coburn - PP : Pavel Kubina - PK : Matthew Spiller, Braydon Coburn
Penalty Shots
Alexei Morozov, Jan Hlavac, Shane Doan, Cory Stillman, Ryan Malone
% Time on Ice - Coyotes
Lines # - Real PCT - Wanted PCT - Time Play
Normal Forward
1 - 34% - 40% - 14:08
2 - 28% - 30% - 11:28
3 - 20% - 20% - 8:21
4 - 17% - 10% - 7:09
Normal Defense
1 - 42% - 40% - 17:12
2 - 33% - 30% - 13:38
3 - 23% - 20% - 9:19
4 - 2% - 10% - 0:57
PP Forward
1 - 56% - 60% - 7:19
2 - 44% - 40% - 5:38
PP Defense
1 - 59% - 60% - 7:38
2 - 41% - 40% - 5:19
PK Forward
1 - 100% - 60% - 1:59
2 - 0% - 40% - 0:00
PK Defense
1 - 56% - 60% - 1:07
2 - 44% - 40% - 0:52
PK3 Forward
1 - 0% - 60%
2 - 0% - 40%
PK3 Defense
1 - 0% - 60%
2 - 0% - 40%
44 Forward
1 - 74% - 60% - 2:57
2 - 26% - 40% - 1:01
44 Defense
1 - 71% - 60% - 2:50
2 - 29% - 40% - 1:08
Last Minute Offensive - 0:00
Last Minute Defensive - 0:00
Total
Forward - 60:00
Defense - 60:00
|
% Time on Ice - Stars
Lines # - Real PCT - Wanted PCT - Time Play
Normal Forward
1 - 36% - 40% - 14:49
2 - 27% - 30% - 11:15
3 - 24% - 20% - 9:56
4 - 12% - 10% - 5:06
Normal Defense
1 - 42% - 40% - 17:28
2 - 32% - 30% - 13:01
3 - 24% - 20% - 10:03
4 - 1% - 10% - 0:34
PP Forward
1 - 50% - 60% - 0:59
2 - 50% - 40% - 1:00
PP Defense
1 - 64% - 60% - 1:16
2 - 36% - 40% - 0:43
PK Forward
1 - 71% - 60% - 9:12
2 - 29% - 40% - 3:45
PK Defense
1 - 64% - 60% - 8:17
2 - 36% - 40% - 4:40
PK3 Forward
1 - 0% - 60%
2 - 0% - 40%
PK3 Defense
1 - 0% - 60%
2 - 0% - 40%
44 Forward
1 - 70% - 60% - 2:47
2 - 30% - 40% - 1:11
44 Defense
1 - 65% - 60% - 2:34
2 - 35% - 40% - 1:24
Last Minute Offensive - 0:00
Last Minute Defensive - 0:00
Total
Forward - 60:00
Defense - 60:00
|
Play by Play
1st period
0:01 of 1st period - David Legwand wins face-off versus Tim Connolly in neutral zone.
0:11 of 1st period - Off-side.
0:12 of 1st period - Drew Miller wins face-off versus Antoine Vermette in neutral zone.
1:04 of 1st period - Snap shot by Alexei Morozov.
1:04 of 1st period - Shot Blocked by Marian Gaborik.
1:08 of 1st period - Wrist shot by Cory Stillman.
1:08 of 1st period - Shot Misses the Net.
1:18 of 1st period - Tom Poti is hit by Marty Reasoner.
1:22 of 1st period - Jan Hlavac is hit by Riley Cote and loses puck.
2:01 of 1st period - Matthew Spiller is hit by Chad Larose.
2:27 of 1st period - Slapshot by Marian Gaborik.
2:27 of 1st period - Stopped by Pascal Leclaire with a rebound.
2:33 of 1st period - Snap shot by Tim Connolly.
2:33 of 1st period - Shot Blocked by Brian Pothier.
2:47 of 1st period - Drew Miller is hit by Antoine Vermette and loses puck.
3:06 of 1st period - Matthew Spiller is hit by Sami Lepisto and loses puck.
3:51 of 1st period - Snap shot by Cory Stillman.
3:51 of 1st period - Stopped by Ryan Miller without a rebound.
3:52 of 1st period - Cory Stillman wins face-off versus Maxim Lapierre in Coyotes zone.
4:23 of 1st period - Snap shot by Alexei Morozov.
4:23 of 1st period - Shot Blocked by Lukas Krajicek.
4:54 of 1st period - Minor Penalty to Alexei Morozov for Hooking.
4:55 of 1st period - Marty Reasoner wins face-off versus Tim Connolly in Stars zone.
4:55 of 1st period - Marty Reasoner is hit by Tim Connolly.
6:13 of 1st period - Pavel Kubina is hit by Brenden Morrow and loses puck.
6:54 of 1st period - Penalty to Alexei Morozov is over, Alexei Morozov is back on ice.
7:55 of 1st period - Icing by Jiri Fischer.
7:56 of 1st period - Antoine Vermette wins face-off versus Frans Nielsen in Coyotes zone.
8:14 of 1st period - Icing by Pavel Kubina.
8:15 of 1st period - Marty Reasoner wins face-off versus Tim Connolly in Stars zone.
8:48 of 1st period - Snap shot by Drew Miller.
8:48 of 1st period - Deflect By Bill Guerin.
8:48 of 1st period - Shot Misses the Net.
8:48 of 1st period - Puck is out of play.
8:49 of 1st period - David Legwand wins face-off versus Frans Nielsen in Stars zone.
9:03 of 1st period - Wrist shot by Alexei Morozov.
9:03 of 1st period - Stopped by Ryan Miller with a rebound.
9:05 of 1st period - Wrist shot by Pavel Kubina.
9:05 of 1st period - Stopped by Ryan Miller without a rebound.
9:06 of 1st period - Marian Gaborik wins face-off versus Antoine Vermette in Coyotes zone.
9:31 of 1st period - Cory Stillman is hit by Drew Miller.
10:15 of 1st period - Snap shot by Marty Reasoner.
10:15 of 1st period - Shot Blocked by Kurt Sauer.
10:17 of 1st period - Slapshot by Brian Pothier.
10:17 of 1st period - Stopped by Ryan Miller with a rebound.
10:19 of 1st period - Slapshot by Pavel Kubina.
10:19 of 1st period - Deflect By Brian Gionta.
10:19 of 1st period - Shot Misses the Net.
10:19 of 1st period - Puck is out of play.
10:20 of 1st period - Antoine Vermette wins face-off versus Maxim Lapierre in Coyotes zone.
10:23 of 1st period - Snap shot by Antoine Vermette.
10:23 of 1st period - Shot Hit the Post.
10:24 of 1st period - Minor Penalty to Antoine Vermette for Tripping.
10:24 of 1st period - Minor Penalty to Maxim Lapierre for Tripping.
10:25 of 1st period - Tim Connolly wins face-off versus David Legwand in Coyotes zone.
10:31 of 1st period - Slapshot by Tom Poti.
10:31 of 1st period - Shot Blocked by Pavel Kubina.
10:35 of 1st period - Wrist shot by Tim Connolly.
10:35 of 1st period - Stopped by Pascal Leclaire without a rebound.
10:36 of 1st period - David Legwand wins face-off versus Tim Connolly in Stars zone.
10:49 of 1st period - Off-side.
10:50 of 1st period - Tim Connolly wins face-off versus David Legwand in neutral zone.
10:53 of 1st period - Wrist shot by Tim Connolly.
10:53 of 1st period - Shot Blocked by Alexei Morozov.
10:59 of 1st period - Wrist shot by Alexei Morozov.
10:59 of 1st period - Shot Misses the Net.
11:01 of 1st period - Backhand shot by Pavel Kubina.
11:01 of 1st period - Shot Blocked by Kurt Sauer.
11:03 of 1st period - Wrist shot by Alexei Morozov.
11:03 of 1st period - Shot Misses the Net.
11:39 of 1st period - Frans Nielsen is hit by Patrik Elias and loses puck.
11:46 of 1st period - Filip Novak is hit by Frans Nielsen.
11:50 of 1st period - Snap shot by Shane Doan.
11:50 of 1st period - Shot Misses the Net.
12:24 of 1st period - Penalty to Antoine Vermette is over, Antoine Vermette is back on ice.
12:24 of 1st period - Penalty to Maxim Lapierre is over, Maxim Lapierre is back on ice.
12:24 of 1st period - Icing by Sergei Samsonov.
12:25 of 1st period - Bill Guerin wins face-off versus Ryan Malone in Coyotes zone.
12:46 of 1st period - Wrist shot by Bill Guerin.
12:46 of 1st period - Shot Blocked by Ryan Malone.
13:02 of 1st period - Snap shot by Bill Guerin.
13:02 of 1st period - Stopped by Pascal Leclaire with a rebound.
13:04 of 1st period - Slapshot by Bill Guerin.
13:04 of 1st period - Shot Misses the Net.
13:08 of 1st period - Slapshot by Sergei Samsonov.
13:08 of 1st period - Stopped by Pascal Leclaire with a rebound.
13:18 of 1st period - Wrist shot by Sergei Samsonov.
13:18 of 1st period - Deflect By Brian Pothier.
13:18 of 1st period - Stopped by Pascal Leclaire with a rebound.
13:20 of 1st period - Wrist shot by Bill Guerin.
13:20 of 1st period - Stopped by Pascal Leclaire with a rebound.
13:22 of 1st period - Wrist shot by Jiri Fischer.
13:22 of 1st period - Shot Misses the Net.
13:24 of 1st period - Wrist shot by Bill Guerin.
13:24 of 1st period - Shot Blocked by Randy Jones.
13:26 of 1st period - Snap shot by Bill Guerin.
13:26 of 1st period - Stopped by Pascal Leclaire with a rebound.
13:28 of 1st period - Slapshot by Sergei Samsonov.
13:28 of 1st period - Goal by Sergei Samsonov - Coyotes : 1 - Stars : 0.
13:29 of 1st period - David Legwand wins face-off versus Tim Connolly in neutral zone.
13:38 of 1st period - Snap shot by David Legwand.
13:38 of 1st period - Stopped by Ryan Miller without a rebound.
13:39 of 1st period - David Legwand wins face-off versus Tim Connolly in Coyotes zone.
13:40 of 1st period - Snap shot by Alexei Morozov.
13:40 of 1st period - Shot Blocked by Kurt Sauer.
14:04 of 1st period - Wrist shot by Tim Connolly.
14:04 of 1st period - Stopped by Pascal Leclaire without a rebound.
14:05 of 1st period - Frans Nielsen wins face-off versus Antoine Vermette in Stars zone.
14:36 of 1st period - Off-side.
14:37 of 1st period - Tim Connolly wins face-off versus Marty Reasoner in neutral zone.
14:42 of 1st period - Snap shot by Marian Gaborik.
14:42 of 1st period - Shot Blocked by Pavel Kubina.
14:44 of 1st period - Wrist shot by Marian Gaborik.
14:44 of 1st period - Shot Misses the Net.
14:46 of 1st period - Wrist shot by Tim Connolly.
14:46 of 1st period - Goal by Tim Connolly - Coyotes : 2 - Stars : 0.
14:47 of 1st period - David Legwand wins face-off versus Tim Connolly in neutral zone.
15:12 of 1st period - Frans Nielsen is hit by Shane Doan.
15:17 of 1st period - Double Minor Penalty to Patrik Elias for Slashing.
15:18 of 1st period - Marty Reasoner wins face-off versus Tim Connolly in Stars zone.
15:27 of 1st period - Marty Reasoner is hit by Tom Poti and loses puck.
16:08 of 1st period - Wrist shot by Drew Miller.
16:08 of 1st period - Shot Blocked by Marty Reasoner.
16:18 of 1st period - Slapshot by Tom Poti.
16:18 of 1st period - Deflect By Drew Miller.
16:18 of 1st period - Shot Blocked by Scott Walker.
16:18 of 1st period - Puck is out of play.
16:19 of 1st period - Michael Rupp wins face-off versus Tim Connolly in Stars zone.
16:34 of 1st period - Marty Reasoner is hit by Sami Lepisto and loses puck.
17:55 of 1st period - Matthew Spiller is hit by Riley Cote and loses puck.
18:27 of 1st period - Braydon Coburn is hit by Brenden Morrow and loses puck.
18:46 of 1st period - Antoine Vermette is hit by Frans Nielsen and loses puck.
18:57 of 1st period - Braydon Coburn is hit by Chad Larose and loses puck.
19:17 of 1st period - Penalty to Patrik Elias is over, Patrik Elias is back on ice.
19:34 of 1st period - Snap shot by Ryan Malone.
19:34 of 1st period - Stopped by Ryan Miller with a rebound.
19:46 of 1st period - Craig Adams is hit by Randy Jones and loses puck.
2nd period
0:01 of 2nd period - Tim Connolly wins face-off versus David Legwand in neutral zone.
0:26 of 2nd period - Bill Guerin is hit by Matthew Spiller and loses puck.
0:41 of 2nd period - Ryan Malone is hit by Bill Guerin and loses puck.
1:01 of 2nd period - Slapshot by Pavel Kubina.
1:01 of 2nd period - Stopped by Ryan Miller without a rebound.
1:02 of 2nd period - Tim Connolly wins face-off versus Alexei Morozov in Coyotes zone.
1:33 of 2nd period - Snap shot by Frans Nielsen.
1:33 of 2nd period - Shot Misses the Net.
1:35 of 2nd period - Snap shot by Drew Miller.
1:35 of 2nd period - Shot Blocked by Patrik Elias.
1:37 of 2nd period - Wrist shot by Drew Miller.
1:37 of 2nd period - Shot Misses the Net.
1:39 of 2nd period - Snap shot by Frans Nielsen.
1:39 of 2nd period - Goal by Frans Nielsen - Coyotes : 3 - Stars : 0.
1:40 of 2nd period - Tim Connolly wins face-off versus David Legwand in neutral zone.
2:05 of 2nd period - Shane Doan is hit by Drew Miller and loses puck.
2:10 of 2nd period - Snap shot by Frans Nielsen.
2:10 of 2nd period - Deflect By Bill Guerin.
2:10 of 2nd period - Stopped by Pascal Leclaire with a rebound.
2:12 of 2nd period - Slapshot by Sami Lepisto.
2:12 of 2nd period - Shot Misses the Net.
2:14 of 2nd period - Snap shot by Bill Guerin.
2:14 of 2nd period - Shot Hit the Post.
2:40 of 2nd period - Snap shot by Patrik Elias.
2:40 of 2nd period - Stopped by Ryan Miller without a rebound.
2:41 of 2nd period - Tim Connolly wins face-off versus David Legwand in Coyotes zone.
2:41 of 2nd period - Tim Connolly is hit by David Legwand.
2:51 of 2nd period - Snap shot by Tim Connolly.
2:51 of 2nd period - Goal by Tim Connolly - Coyotes : 4 - Stars : 0.
2:51 of 2nd period - Vesa Toskala enters game.
2:52 of 2nd period - Tim Connolly wins face-off versus David Legwand in neutral zone.
2:55 of 2nd period - Wrist shot by Brenden Morrow.
2:55 of 2nd period - Stopped by Vesa Toskala with a rebound.
3:01 of 2nd period - Wrist shot by Cory Stillman.
3:01 of 2nd period - Shot Blocked by Denis Grebeshkov.
3:03 of 2nd period - Snap shot by Filip Novak.
3:03 of 2nd period - Stopped by Ryan Miller without a rebound.
3:04 of 2nd period - David Legwand wins face-off versus Tim Connolly in Coyotes zone.
3:07 of 2nd period - Snap shot by Cory Stillman.
3:07 of 2nd period - Shot Misses the Net.
3:19 of 2nd period - Wrist shot by Marian Gaborik.
3:19 of 2nd period - Goal by Marian Gaborik - Coyotes : 5 - Stars : 0.
3:20 of 2nd period - Cory Stillman wins face-off versus Brenden Morrow in neutral zone.
4:24 of 2nd period - Wrist shot by Bill Guerin.
4:24 of 2nd period - Shot Misses the Net.
4:26 of 2nd period - Slapshot by Bill Guerin.
4:26 of 2nd period - Shot Blocked by Michael Rupp.
4:28 of 2nd period - Snap shot by Bill Guerin.
4:28 of 2nd period - Shot Misses the Net.
5:16 of 2nd period - Slapshot by Scott Walker.
5:16 of 2nd period - Stopped by Ryan Miller without a rebound.
5:17 of 2nd period - David Legwand wins face-off versus Tim Connolly in Coyotes zone.
5:18 of 2nd period - Slapshot by Alexei Morozov.
5:18 of 2nd period - Stopped by Ryan Miller without a rebound.
5:19 of 2nd period - David Legwand wins face-off versus Tim Connolly in Coyotes zone.
5:30 of 2nd period - Snap shot by David Legwand.
5:30 of 2nd period - Stopped by Ryan Miller with a rebound.
5:32 of 2nd period - Snap shot by Cory Stillman.
5:32 of 2nd period - Stopped by Ryan Miller with a rebound.
5:34 of 2nd period - Snap shot by David Legwand.
5:34 of 2nd period - Deflect By Alexei Morozov.
5:34 of 2nd period - Shot Misses the Net.
5:34 of 2nd period - Puck is out of play.
5:35 of 2nd period - Patrik Elias wins face-off versus Maxim Lapierre in Coyotes zone.
5:40 of 2nd period - Slapshot by Patrik Elias.
5:40 of 2nd period - Stopped by Ryan Miller with a rebound.
5:41 of 2nd period - Shane Doan and Maxim Lapierre fight to a draw.
5:41 of 2nd period - Penalty to Shane Doan for Fighting.
5:41 of 2nd period - Penalty to Maxim Lapierre for Fighting.
5:42 of 2nd period - Tim Connolly wins face-off versus David Legwand in Coyotes zone.
6:28 of 2nd period - Sergei Samsonov is hit by Michael Rupp and loses puck.
7:34 of 2nd period - Wrist shot by Brian Gionta.
7:34 of 2nd period - Stopped by Ryan Miller without a rebound.
7:35 of 2nd period - Alexei Morozov wins face-off versus Joël Perrault in Coyotes zone.
8:55 of 2nd period - Slapshot by Brian Pothier.
8:55 of 2nd period - Stopped by Ryan Miller with a rebound.
9:42 of 2nd period - Snap shot by Frans Nielsen.
9:42 of 2nd period - Deflect By Drew Miller.
9:42 of 2nd period - Shot Misses the Net.
9:42 of 2nd period - Puck is out of play.
9:43 of 2nd period - Michael Rupp wins face-off versus Frans Nielsen in Stars zone.
9:48 of 2nd period - Snap shot by Drew Miller.
9:48 of 2nd period - Stopped by Vesa Toskala without a rebound.
9:49 of 2nd period - Tim Connolly wins face-off versus Ryan Malone in Stars zone.
9:55 of 2nd period - Icing by Matthew Spiller.
9:56 of 2nd period - Michael Rupp wins face-off versus Tim Connolly in Stars zone.
10:08 of 2nd period - Wrist shot by Matthew Spiller.
10:08 of 2nd period - Stopped by Ryan Miller without a rebound.
10:09 of 2nd period - Tim Connolly wins face-off versus David Legwand in Coyotes zone.
10:09 of 2nd period - Tim Connolly is hit by Matthew Spiller.
10:17 of 2nd period - Slapshot by Sami Lepisto.
10:17 of 2nd period - Stopped by Vesa Toskala with a rebound.
10:19 of 2nd period - Snap shot by Marian Gaborik.
10:19 of 2nd period - Stopped by Vesa Toskala with a rebound.
10:21 of 2nd period - Wrist shot by Brenden Morrow.
10:21 of 2nd period - Stopped by Vesa Toskala with a rebound.
10:23 of 2nd period - Wrist shot by Tim Connolly.
10:23 of 2nd period - Stopped by Vesa Toskala with a rebound.
10:25 of 2nd period - Slapshot by Kurt Sauer.
10:25 of 2nd period - Stopped by Vesa Toskala with a rebound.
10:41 of 2nd period - Minor Penalty to Frans Nielsen for Diving.
10:42 of 2nd period - David Legwand wins face-off versus Craig Adams in Coyotes zone.
10:49 of 2nd period - Snap shot by Alexei Morozov.
10:49 of 2nd period - Stopped by Ryan Miller with a rebound.
10:53 of 2nd period - Snap shot by Alexei Morozov.
10:53 of 2nd period - Shot Misses the Net.
10:55 of 2nd period - Wrist shot by Alexei Morozov.
10:55 of 2nd period - Shot Misses the Net.
11:07 of 2nd period - Matthew Spiller is hit by Tom Poti and loses puck.
12:41 of 2nd period - Penalty to Frans Nielsen is over, Frans Nielsen is back on ice.
12:45 of 2nd period - Snap shot by Michael Rupp.
12:45 of 2nd period - Stopped by Ryan Miller without a rebound.
12:46 of 2nd period - Maxim Lapierre wins face-off versus Michael Rupp in Coyotes zone.
12:58 of 2nd period - Off-side.
12:59 of 2nd period - Tim Connolly wins face-off versus Michael Rupp in neutral zone.
13:07 of 2nd period - Brenden Morrow is hit by Brian Pothier.
13:28 of 2nd period - Minor Penalty to Brian Pothier for High sticking.
13:28 of 2nd period - Minor Penalty to Frans Nielsen for Holding.
13:29 of 2nd period - Tim Connolly wins face-off versus David Legwand in neutral zone.
13:38 of 2nd period - Snap shot by Alexei Morozov.
13:38 of 2nd period - Shot Blocked by Kurt Sauer.
13:40 of 2nd period - Slapshot by Matthew Spiller.
13:40 of 2nd period - Shot Hit the Post.
13:42 of 2nd period - Slapshot by Alexei Morozov.
13:42 of 2nd period - Stopped by Ryan Miller with a rebound.
13:44 of 2nd period - Snap shot by Alexei Morozov.
13:44 of 2nd period - Stopped by Ryan Miller without a rebound.
13:45 of 2nd period - Tim Connolly wins face-off versus David Legwand in Coyotes zone.
13:45 of 2nd period - Tim Connolly is hit by Alexei Morozov.
13:57 of 2nd period - Snap shot by Marian Gaborik.
13:57 of 2nd period - Goal by Marian Gaborik - Coyotes : 6 - Stars : 0.
13:58 of 2nd period - David Legwand wins face-off versus Tim Connolly in neutral zone.
14:34 of 2nd period - Slapshot by Shane Doan.
14:34 of 2nd period - Shot Misses the Net.
14:51 of 2nd period - Icing by Filip Novak.
14:52 of 2nd period - David Legwand wins face-off versus Tim Connolly in Stars zone.
15:25 of 2nd period - Slapshot by Antoine Vermette.
15:25 of 2nd period - Shot Misses the Net.
15:28 of 2nd period - Penalty to Brian Pothier is over, Brian Pothier is back on ice.
15:28 of 2nd period - Penalty to Frans Nielsen is over, Frans Nielsen is back on ice.
15:37 of 2nd period - Snap shot by Shane Doan.
15:37 of 2nd period - Shot Misses the Net.
15:45 of 2nd period - Wrist shot by Brian Pothier.
15:45 of 2nd period - Stopped by Ryan Miller with a rebound.
15:47 of 2nd period - Wrist shot by Antoine Vermette.
15:47 of 2nd period - Goal by Antoine Vermette - Coyotes : 6 - Stars : 1.
15:48 of 2nd period - David Legwand wins face-off versus Tim Connolly in neutral zone.
15:59 of 2nd period - Wrist shot by Brenden Morrow.
15:59 of 2nd period - Shot Misses the Net.
16:00 of 2nd period - Minor Penalty to Alexei Morozov for Cross-checking.
16:01 of 2nd period - Marty Reasoner wins face-off versus Tim Connolly in Stars zone.
16:59 of 2nd period - Matthew Spiller is hit by Bill Guerin and loses puck.
17:44 of 2nd period - Drew Miller is hit by Michael Rupp and loses puck.
18:00 of 2nd period - Penalty to Alexei Morozov is over, Alexei Morozov is back on ice.
18:16 of 2nd period - Wrist shot by Jan Hlavac.
18:16 of 2nd period - Stopped by Ryan Miller without a rebound.
18:17 of 2nd period - Michael Rupp wins face-off versus Joël Perrault in Coyotes zone.
18:32 of 2nd period - Wrist shot by Michael Rupp.
18:32 of 2nd period - Shot Blocked by Craig Adams.
18:42 of 2nd period - Craig Adams is hit by David Legwand and loses puck.
18:47 of 2nd period - Snap shot by Alexei Morozov.
18:47 of 2nd period - Shot Misses the Net.
19:10 of 2nd period - Minor Penalty to Shane Doan for Hooking.
19:11 of 2nd period - Tim Connolly wins face-off versus Marty Reasoner in Stars zone.
19:24 of 2nd period - Marty Reasoner is hit by Brenden Morrow and loses puck.
19:48 of 2nd period - Snap shot by Marian Gaborik.
19:48 of 2nd period - Stopped by Vesa Toskala with a rebound.
3rd period
0:01 of 3rd period - Marty Reasoner wins face-off versus Tim Connolly in neutral zone.
0:04 of 3rd period - Snap shot by Marty Reasoner.
0:04 of 3rd period - Stopped by Ryan Miller with a rebound.
0:25 of 3rd period - Marty Reasoner is hit by Drew Miller and loses puck.
1:06 of 3rd period - Tom Poti is hit by Michael Rupp and loses puck.
1:10 of 3rd period - Penalty to Shane Doan is over, Shane Doan is back on ice.
1:29 of 3rd period - Wrist shot by Antoine Vermette.
1:29 of 3rd period - Stopped by Ryan Miller with a rebound.
1:47 of 3rd period - Snap shot by Joël Perrault.
1:47 of 3rd period - Shot Blocked by Matthew Spiller.
1:49 of 3rd period - Snap shot by Tom Poti.
1:49 of 3rd period - Shot Blocked by Pavel Kubina.
1:51 of 3rd period - Slapshot by Tom Poti.
1:51 of 3rd period - Stopped by Vesa Toskala with a rebound.
1:58 of 3rd period - Icing by David Legwand.
1:59 of 3rd period - Tim Connolly wins face-off versus David Legwand in Stars zone.
2:14 of 3rd period - Slapshot by Brenden Morrow.
2:14 of 3rd period - Shot Misses the Net.
2:34 of 3rd period - Slapshot by Frans Nielsen.
2:34 of 3rd period - Stopped by Vesa Toskala with a rebound.
3:02 of 3rd period - Slapshot by Alexei Morozov.
3:02 of 3rd period - Stopped by Ryan Miller without a rebound.
3:03 of 3rd period - Antoine Vermette wins face-off versus Maxim Lapierre in Coyotes zone.
3:18 of 3rd period - Wrist shot by Shane Doan.
3:18 of 3rd period - Shot Blocked by Tom Poti.
6:17 of 3rd period - Off-side.
6:18 of 3rd period - Marty Reasoner wins face-off versus Maxim Lapierre in neutral zone.
6:33 of 3rd period - Wrist shot by Sergei Samsonov.
6:33 of 3rd period - Stopped by Vesa Toskala without a rebound.
6:34 of 3rd period - David Legwand wins face-off versus Tim Connolly in Stars zone.
6:39 of 3rd period - Wrist shot by Cory Stillman.
6:39 of 3rd period - Shot Misses the Net.
6:41 of 3rd period - Slapshot by Pavel Kubina.
6:41 of 3rd period - Stopped by Ryan Miller without a rebound.
6:42 of 3rd period - Tim Connolly wins face-off versus David Legwand in Coyotes zone.
6:57 of 3rd period - Snap shot by David Legwand.
6:57 of 3rd period - Shot Misses the Net.
8:30 of 3rd period - Wrist shot by Frans Nielsen.
8:30 of 3rd period - Stopped by Vesa Toskala with a rebound.
8:38 of 3rd period - Snap shot by Brian Gionta.
8:38 of 3rd period - Shot Misses the Net.
8:56 of 3rd period - Wrist shot by Ryan Malone.
8:56 of 3rd period - Stopped by Ryan Miller without a rebound.
8:57 of 3rd period - David Legwand wins face-off versus Tim Connolly in Coyotes zone.
8:58 of 3rd period - Snap shot by Alexei Morozov.
8:58 of 3rd period - Shot Blocked by Denis Grebeshkov.
9:00 of 3rd period - Slapshot by Cory Stillman.
9:00 of 3rd period - Shot Blocked by Tom Poti.
9:09 of 3rd period - Icing by Tim Connolly.
9:10 of 3rd period - David Legwand wins face-off versus Tim Connolly in Coyotes zone.
9:17 of 3rd period - Wrist shot by David Legwand.
9:17 of 3rd period - Stopped by Ryan Miller without a rebound.
9:18 of 3rd period - David Legwand wins face-off versus Tim Connolly in Coyotes zone.
9:45 of 3rd period - Wrist shot by Antoine Vermette.
9:45 of 3rd period - Deflect By Shane Doan.
9:45 of 3rd period - Stopped by Ryan Miller with a rebound.
9:51 of 3rd period - Antoine Vermette is hit by Denis Grebeshkov and loses puck.
10:30 of 3rd period - Wrist shot by Marty Reasoner.
10:30 of 3rd period - Shot Misses the Net.
10:46 of 3rd period - Wrist shot by David Legwand.
10:46 of 3rd period - Shot Misses the Net.
10:52 of 3rd period - Slapshot by Alexei Morozov.
10:52 of 3rd period - Stopped by Ryan Miller without a rebound.
10:53 of 3rd period - Frans Nielsen wins face-off versus David Legwand in Coyotes zone.
11:02 of 3rd period - Wrist shot by Frans Nielsen.
11:02 of 3rd period - Deflect By Brian Pothier.
11:02 of 3rd period - Stopped by Vesa Toskala without a rebound.
11:03 of 3rd period - David Legwand wins face-off versus Frans Nielsen in Stars zone.
11:03 of 3rd period - David Legwand is hit by Bill Guerin.
11:29 of 3rd period - Wrist shot by Drew Miller.
11:29 of 3rd period - Stopped by Vesa Toskala without a rebound.
11:30 of 3rd period - Tim Connolly wins face-off versus Antoine Vermette in Stars zone.
11:33 of 3rd period - Slapshot by Marian Gaborik.
11:33 of 3rd period - Stopped by Vesa Toskala without a rebound.
11:34 of 3rd period - Antoine Vermette wins face-off versus Tim Connolly in Stars zone.
13:09 of 3rd period - Braydon Coburn is hit by Joël Perrault and loses puck.
13:40 of 3rd period - Backhand shot by Sergei Samsonov.
13:40 of 3rd period - Stopped by Vesa Toskala with a rebound.
14:30 of 3rd period - Snap shot by Frans Nielsen.
14:30 of 3rd period - Stopped by Vesa Toskala with a rebound.
14:32 of 3rd period - Wrist shot by Frans Nielsen.
14:32 of 3rd period - Stopped by Vesa Toskala without a rebound.
14:33 of 3rd period - David Legwand wins face-off versus Frans Nielsen in Stars zone.
14:33 of 3rd period - David Legwand is hit by Jiri Fischer.
14:41 of 3rd period - Snap shot by Bill Guerin.
14:41 of 3rd period - Stopped by Vesa Toskala with a rebound.
15:07 of 3rd period - Snap shot by David Legwand.
15:07 of 3rd period - Shot Blocked by Maxim Lapierre.
15:09 of 3rd period - Snap shot by Cory Stillman.
15:09 of 3rd period - Goal by Cory Stillman - Coyotes : 6 - Stars : 2.
15:10 of 3rd period - Antoine Vermette wins face-off versus Tim Connolly in neutral zone.
15:13 of 3rd period - Slapshot by Patrik Elias.
15:13 of 3rd period - Shot Misses the Net.
15:20 of 3rd period - Marian Gaborik is hit by Patrik Elias and loses puck.
15:35 of 3rd period - Matthew Spiller is hit by Bill Guerin and loses puck.
15:37 of 3rd period - Minor Penalty to Cory Stillman for Hooking.
15:38 of 3rd period - Tim Connolly wins face-off versus Marty Reasoner in Stars zone.
16:09 of 3rd period - Slapshot by Denis Grebeshkov.
16:09 of 3rd period - Deflect By Frans Nielsen.
16:09 of 3rd period - Shot Misses the Net.
16:09 of 3rd period - Puck is out of play.
16:10 of 3rd period - Marty Reasoner wins face-off versus Tim Connolly in Stars zone.
16:51 of 3rd period - Jan Hlavac is hit by Brenden Morrow.
17:37 of 3rd period - Penalty to Cory Stillman is over, Cory Stillman is back on ice.
18:52 of 3rd period - Snap shot by Craig Adams.
18:52 of 3rd period - Stopped by Vesa Toskala without a rebound.
18:53 of 3rd period - Antoine Vermette wins face-off versus Tim Connolly in Stars zone.
18:57 of 3rd period - Minor Penalty to Shane Doan for Roughing.
18:58 of 3rd period - Marty Reasoner wins face-off versus Tim Connolly in Stars zone.
19:05 of 3rd period - Brenden Morrow is hit by Cory Stillman and loses puck.
19:54 of 3rd period - Bill Guerin is hit by Michael Rupp.
Output by the SimonT Hockey Simulator (STHS) for François Prévost -- Original Page W3C XHTML 1.0 Valid